Map: Odyssey LE

Players

IIIIIIIIIIII

  • Race: Terran Terran
  • League: Grandmaster
  • Spawn Location: 5:00

DDolKKi - Winner!

  • Race: Zerg Zerg
  • League: Grandmaster
  • Spawn Location: 11:00

VOD

Have the link to the VOD?

Description

Time

  • Played on: Aug. 1, 2017, 8 p.m.
  • Length: 17:45
Show
View Real Time Build Order
Export as new Build Order

IIIIIIIIIIII Terran 

Build Orders: Liberator Opening 

Get SALT Encoding   

  12  0:00  SCV  
  13  0:12  SCV  
  14  0:17  Supply Depot  
  14  0:25  SCV  
  15  0:38  SCV  
  15  0:41  Barracks  
  16  0:45  Refinery  
  16  0:50  SCV  
  17  1:03  SCV  
  18  1:15  SCV  
  19  1:28  Orbital Command  
  19  1:30  Barracks Reactor  
  19  1:39  Command Center  
  19  1:52  Supply Depot  
  19  1:53  SCV  
  20  2:05  SCV  
  20  2:06  Marine x2  
  23  2:10  Factory  
  23  2:18  SCV  
  24  2:24  Marine x2  
  26  2:30  SCV  
  26  2:31  Refinery  
  27  2:42  SCV, Marine x2  
  30  2:54  SCV, Orbital Command  
  30  2:56  Starport  
  31  3:06  SCV  
  31  3:07  Hellion x2  
  31  3:08  Marine  
  37  3:17  Supply Depot  
  37  3:26  SCV  
  38  3:29  Hellion x2  
  38  3:30  SCV  
  43  3:38  Medivac  
  43  3:39  Marine  
  43  3:40  SCV  
  47  3:42  SCV  
  47  3:44  Supply Depot  
  48  3:50  Hellion  
  48  3:51  Liberator, Hellion  
  48  3:53  SCV  
  53  3:59  SCV  
  53  4:01  Armory  
  54  4:09  Supply Depot  
  57  4:13  Marine  
  58  4:20  SCV  
  58  4:23  SCV  
  60  4:27  Hellion  
  62  4:31  Hellion  
  62  4:32  SCV, Supply Depot  
  62  4:36  Liberator  
  62  4:37  Supply Depot  
  62  4:38  SCV  
  66  4:40  Supply Depot  
  66  4:44  SCV  
  67  4:49  Hellion  
  69  4:53  Hellion  
  69  4:57  SCV  
  75  5:04  Barracks Tech Lab  
  75  5:10  Hellion  
  75  5:11  SCV  
  78  5:15  Hellion  
  78  5:19  Liberator  
  80  5:23  Marine  
  81  5:31  Hellion  
  83  5:42  SCV  
  83  5:45  Marine  
  83  5:46  Hellion  
  78  5:55  SCV  
  66  6:03  Marine  
  55  6:21  Orbital Command  
  51  6:27  Starport Tech Lab  
  51  6:29  Command Center  
  51  6:30  SCV, Engineering Bay  
  51  6:31  Engineering Bay  
  46  6:34  Marine  
  44  6:42  SCV  
  44  6:46  SCV  
  46  6:51  Banshee  
  45  6:54  SCV  
  45  6:58  Terran Infantry Weapons Level 1, SCV, Terran Infantry Armor Level 1  
  47  7:03  Siege Tank  
  47  7:04  Marine x2  
  47  7:08  Supply Depot  
  52  7:09  Supply Depot  
  52  7:10  Supply Depot  
  52  7:11  Supply Depot  
  52  7:17  SCV x2  
  52  7:22  Marine  
  55  7:26  Terran Vehicle Weapons Level 1  
  55  7:27  Barracks  
  55  7:28  Barracks  
  55  7:29  SCV x2  
  57  7:33  Marine  
  58  7:39  Marine  
  58  7:41  SCV x2  
  58  7:43  SCV  
  62  7:45  Starport Reactor  
  62  7:53  SCV  
  62  7:55  SCV  
  64  8:01  Marine  
  64  8:02  Orbital Command  
  64  8:03  Marine  
  49  8:21  SCV  
  49  8:22  SCV  
  49  8:26  Barracks Reactor  
  49  8:29  SCV  
  49  8:30  Barracks  
  49  8:31  Barracks  
  49  8:33  SCV  
  51  8:39  SCV  
  52  8:41  SCV  
  52  8:42  Stimpack, Marine x3  
  52  8:43  Medivac x2  
  52  8:46  SCV  
  61  8:51  SCV  
  62  8:56  Siege Tank  
  62  9:00  Marine x3  
  62  9:02  Supply Depot  
  68  9:03  Refinery, Supply Depot  
  68  9:06  SCV  
  68  9:07  SCV, Refinery  
  68  9:09  Marine  
  72  9:16  Marine  
  73  9:17  Marine  
  73  9:18  Marine x2  
  73  9:20  Barracks Reactor x2  
  73  9:22  SCV x2  
  77  9:28  Marine  
  78  9:34  SCV x2, Marine  
  78  9:35  Marine x2  
  78  9:36  Orbital Command, Marine  
  81  9:46  Marine  
  81  9:52  Refinery, Marine  
  82  9:53  Marine x2  
  82  9:54  Marine  
  82  9:55  Terran Infantry Weapons Level 2  
  82  9:57  Terran Infantry Armor Level 2  
  83  10:01  SCV x2  
  83  10:02  SCV  
  83  10:04  Marine  
  86  10:10  Marine  
  86  10:11  Marine x2  
  86  10:12  Marine x5  
  90  10:19  SCV x2  
  84  10:22  Marine  
  84  10:27  Marine  
  86  10:29  Marine x2  
  86  10:30  Marine x5  
  90  10:39  Marine  
  89  10:45  Marine  
  89  10:46  Marine  
  89  10:47  Marauder  
  89  10:48  Marine x4  
  96  10:50  Marine  
  96  10:54  Medivac  
  96  10:56  SCV  
  100  10:57  Marine, Medivac  
  100  11:02  Siege Tank  
  106  11:05  Marine x2  
  106  11:07  SCV  
  106  11:08  Marine  
  106  11:09  Marauder, Combat Shields  
  112  11:13  Marine  
  112  11:14  Marine  
  112  11:17  Marine  
  115  11:18  Marine  
  115  11:22  Marine  
  115  11:23  Marine  
  115  11:25  Marine  
  114  11:26  Marine  
  114  11:30  Marauder  
  114  11:31  Marine  
  114  11:32  Marine  
  104  11:35  Marine  
  104  11:36  Marine  
  98  11:40  Marine  
  98  11:41  Marine  
  94  11:47  Marine x2  
  94  11:48  Siege Tank, Medivac  
  94  11:49  Marine  
  94  11:50  Marine  
  94  11:51  Marauder  
  94  11:53  SCV, Marine  
  92  11:54  Liberator, Marine  
  92  11:58  Marine  
  92  12:00  Marine  
  92  12:01  Liberator  
  91  12:05  Marine  
  91  12:08  Marine x2  
  91  12:13  Marauder  
  96  12:21  Marine  
  99  12:26  Marine  
  100  12:30  Marine  
  100  12:34  Marauder  
  102  12:39  Marine x2  
  102  12:42  SCV  
  105  12:45  Marine  
  105  12:46  Marine  
  105  12:48  Orbital Command  
  105  12:49  Marine  
  108  12:52  Marine x2  
  108  12:56  Marauder  
  112  13:02  Marine  
  112  13:04  Marine  
  84  13:07  Marine  
  84  13:11  Unknown  
  84  13:12  Unknown x2  
  85  13:13  Marine  
  85  13:17  Marauder  
  88  13:21  SCV  
  88  13:24  Marine  
  90  13:30  Marine  
  90  13:31  Marine  
  92  13:38  Marauder  
  94  13:41  Marine  
  94  13:43  Marine x3  
  94  13:46  SCV x2  
  100  13:51  Marine  
  100  13:53  SCV  
  100  13:54  Marine, Medivac  
  105  14:00  Marauder, Marine  
  108  14:03  Marine x3  
  108  14:04  Marine x2  
  108  14:06  Siege Tank  
  108  14:09  Marine  
  117  14:12  Marine  
  117  14:15  Unknown x2  
  116  14:18  Marine  
  116  14:21  Marauder, Marine x2  
  116  14:22  Marine x2  
  123  14:26  Marine  
  123  14:27  Marine  
  125  14:37  Supply Depot  
  125  14:38  Supply Depot  
  125  14:39  Supply Depot  
  125  14:50  Marine  
  125  14:51  Marine  
  125  14:53  Marine x6  
  125  14:54  Marauder  
  133  15:08  Marine  
  133  15:09  Marine  
  133  15:11  Marine x2  
  133  15:13  Marine x2  
  133  15:14  Marine  
  140  15:15  Marauder, Marine  
  140  15:21  Supply Depot x2  
  143  15:26  Marine x2  
  145  15:29  Marine x2  
  147  15:36  Marauder  
  147  15:37  Marine  
  147  15:39  Marine  
  148  15:43  Marine x2  
  148  15:46  Marine  
  146  15:58  Marauder  
  146  16:04  Marine  
  143  16:05  Siege Tank  
  143  16:07  Marine  
  143  16:09  Medivac  
  143  16:10  Marine x2  
  151  16:29  Supply Depot  
  151  16:34  Marine x3  
  151  16:35  Marauder  
  138  16:41  Marine x2  
  138  16:43  Marine  
  138  16:47  Marine x2  
  133  16:52  Marine  
  128  16:56  Marauder  
  128  16:57  Marine  
  98  17:11  Marine  
  82  17:17  Marauder  
Show
View Real Time Build Order
Export as new Build Order

DDolKKi Zerg - Winner!

Build Orders: Hatch First 

Get SALT Encoding   

  12  0:01  Drone  
  13  0:12  Overlord  
  13  0:17  Drone  
  14  0:31  Drone x2  
  14  0:35  Drone  
  17  0:54  Hatchery  
  17  0:57  Drone  
  17  0:59  Extractor  
  17  1:01  Drone  
  17  1:15  Spawning Pool  
  17  1:17  Drone  
  17  1:21  Drone  
  18  1:29  Drone  
  19  1:39  Overlord  
  19  2:03  Queen, Zergling x4  
  19  2:04  Metabolic Boost  
  19  2:06  Queen  
  25  2:09  Drone  
  25  2:14  Drone  
  27  2:17  Drone  
  29  2:22  Drone  
  29  2:28  Drone  
  30  2:33  Drone  
  31  2:50  Hatchery, Drone x2  
  32  2:55  Queen  
  34  2:59  Drone  
  34  3:00  Overlord  
  34  3:04  Overlord  
  35  3:12  Drone  
  36  3:21  Drone x3  
  36  3:25  Drone x3  
  42  3:31  Drone  
  43  3:34  Queen  
  44  3:44  Drone  
  44  3:47  Evolution Chamber  
  44  3:48  Zergling x6  
  47  3:56  Drone  
  47  3:58  Overlord  
  48  4:06  Drone  
  48  4:07  Drone x3  
  48  4:09  Extractor, Zergling x6  
  54  4:11  Queen  
  57  4:17  Queen, Drone  
  57  4:20  Overlord  
  57  4:21  Overlord  
  59  4:26  Baneling Nest, Overlord  
  59  4:28  Evolution Chamber  
  57  4:37  Drone  
  58  4:39  Spine Crawler, Zergling x2  
  58  4:42  Zergling x8  
  58  4:45  Zergling x8  
  66  4:50  Queen  
  68  4:55  Drone  
  68  4:56  Drone  
  70  5:04  Overlord  
  70  5:06  Drone, Zergling x2  
  71  5:09  Zerg Ground Armor Level 1  
  71  5:11  Zergling x4  
  73  5:18  Queen, Zergling x4  
  73  5:19  Zergling x2  
  78  5:28  Spore Crawler, Zergling x6  
  78  5:31  Zergling x6  
  83  5:40  Zergling x2  
  76  5:52  Zergling x6  
  76  5:54  Baneling x9  
  76  5:56  Drone  
  80  5:59  Zergling x4  
  80  6:00  Baneling x2  
  80  6:04  Zergling x2  
  80  6:05  Drone  
  80  6:09  Zergling x4  
  70  6:12  Baneling x3  
  70  6:14  Zergling x4  
  70  6:16  Queen, Spore Crawler, Zergling x2  
  70  6:19  Drone  
  70  6:20  Spine Crawler, Zergling x2  
  70  6:24  Zergling x2  
  70  6:25  Baneling x2  
  65  6:29  Drone  
  65  6:32  Drone  
  61  6:33  Drone  
  61  6:34  Drone x2  
  61  6:36  Lair  
  61  6:37  Drone  
  59  6:40  Drone x3  
  59  6:42  Queen  
  59  6:45  Drone  
  62  6:51  Drone x3  
  62  6:52  Queen  
  64  6:55  Zergling x6  
  64  6:56  Zergling x2  
  68  7:02  Drone x2  
  68  7:07  Zergling x4  
  72  7:09  Zerg Melee Weapons Level 1  
  72  7:10  Extractor  
  72  7:12  Evolution Chamber  
  72  7:13  Zergling x6  
  72  7:14  Extractor  
  72  7:17  Spore Crawler  
  72  7:18  Drone  
  72  7:29  Queen, Drone  
  75  7:30  Queen  
  75  7:38  Drone x2  
  73  7:52  Infestation Pit  
  73  7:54  Zergling x2  
  73  7:55  Drone  
  73  7:56  Drone x4  
  73  7:57  Zergling x8  
  75  8:15  Drone x2  
  73  8:23  Zergling x4  
  73  8:24  Zergling x2  
  76  8:28  Zergling x6  
  76  8:31  Hatchery, Queen  
  78  8:38  Drone x2  
  78  8:40  Extractor  
  78  8:41  Queen, Extractor  
  79  8:47  Drone  
  79  8:48  Drone x3  
  82  8:49  Overlord  
  82  8:51  Overlord x2  
  82  8:59  Centrifical Hooks  
  82  9:00  Overlord  
  82  9:01  Overlord x2  
  82  9:02  Zerg Ground Armor Level 2  
  82  9:06  Overseer  
  82  9:15  Drone x2  
  82  9:16  Hive  
  84  9:19  Drone x3  
  84  9:22  Spire  
  86  9:26  Overseer  
  86  9:32  Zergling x4  
  86  9:33  Zergling x4  
  86  9:34  Zerg Melee Weapons Level 2  
  86  9:36  Zergling x2  
  91  9:41  Zergling x6  
  91  9:44  Drone  
  93  9:52  Zergling x2  
  93  9:57  Zergling x8  
  93  9:59  Drone  
  93  10:04  Overlord x2  
  93  10:13  Hatchery, Zergling x2  
  93  10:14  Zergling x10  
  92  10:18  Drone x5  
  99  10:25  Zergling x2  
  96  10:29  Drone  
  96  10:32  Zergling x4  
  96  10:33  Zergling x4  
  96  10:35  Ultralisk Cavern  
  97  10:43  Zergling x2  
  97  10:44  Extractor, Drone x2  
  94  10:51  Zergling x4  
  94  10:55  Baneling x7  
  94  10:56  Baneling  
  92  11:00  Zergling x12  
  98  11:07  Adrenal Glands  
  98  11:08  Drone  
  98  11:09  Drone  
  105  11:25  Ultralisk  
  105  11:26  Ultralisk x2  
  105  11:28  Ultralisk x2  
  105  11:31  Chitinous Plating  
  125  11:33  Zergling x4  
  125  11:34  Zergling x2  
  117  11:42  Baneling  
  117  11:43  Baneling x5  
  117  11:44  Zergling x8, Baneling  
  117  11:45  Zergling x4  
  120  11:50  Zergling x2  
  120  11:53  Zergling x6  
  112  12:00  Ultralisk, Queen x2  
  118  12:02  Zergling x2  
  119  12:10  Baneling  
  119  12:11  Baneling x4  
  119  12:14  Overlord x2  
  118  12:25  Overlord  
  117  12:30  Baneling x4  
  117  12:31  Queen, Baneling x5  
  116  12:44  Extractor  
  116  12:45  Extractor  
  116  12:48  Zergling x4  
  116  12:49  Zergling x8  
  120  12:52  Baneling  
  120  12:53  Baneling x7  
  119  12:59  Hatchery  
  119  13:05  Zergling x6  
  115  13:06  Zergling x4  
  116  13:34  Corruptor  
  116  13:35  Corruptor x4  
  124  13:45  Zerg Flyer Weapons Level 1  
  124  13:52  Zergling x6  
  127  13:58  Zergling x2  
  127  13:59  Zergling x2  
  129  14:05  Zergling x2  
  127  14:12  Ultralisk  
  131  14:20  Zergling x2  
  131  14:22  Zergling x6  
  135  14:40  Overlord  
  135  14:43  Baneling  
  135  14:44  Baneling x2  
  135  14:46  Overlord x2  
  135  14:47  Overlord x2  
  134  14:55  Burrow  
  134  15:05  Infestor x3  
  140  15:10  Corruptor  
  142  15:15  Drone x2  
  142  15:16  Drone  
  144  15:31  Ultralisk  
  144  15:33  Infestor x2  
  150  15:46  Baneling x10  
  150  15:48  Zergling x2  
  150  15:49  Zergling x4  
  153  15:54  Zergling x4  
  154  16:01  Zergling x6  
  147  16:39  Ultralisk  
  142  16:48  Overlord x3  
  142  17:08  Baneling x8  
  130  17:09  Baneling x6  
  124  17:24  Overseer  
  124  17:30  Hatchery  
Tags
 
Add a new tag
Caveats
  • Supply blocks, unpowered buildings, or Contaminate may cause inaccurate times.
  • Supply counts are checked every 10 seconds.